 Dungeon Crawl Stone Soup version 0.31-a0-949-g57150269e1 (webtiles) character file.

Game seed: 2958148572243762207

131 croobank the Firebug (level 4, 0/32 HPs)
             Began as a Demonspawn Fire Elementalist on Oct 22, 2023.
             Slain by an orange demon (5 damage)
             ... on level 1 of the Abyss.
             The game lasted 00:13:06 (2366 turns).

croobank the Firebug (Demonspawn Fire Elementalist) Turns: 2366, Time: 00:13:06

Health: 0/32       AC:  2    Str:  9    XL:     4   Next: 91%
Magic:  1/7        EV: 12    Int: 18    God:
Gold:   136        SH:  0    Dex: 13    Spells: 5/8 levels left

rFire   . . .        b - +2 arbalest (flame)
rCold   . . .        (shield currently unavailable)
rNeg    . . .        a - +0 robe
rPois   .            (no helmet)
rElec   .            (no cloak)
rCorr   .            (no gloves)
SInv    .            (no boots)
Will    .....        (no amulet)
Stlth   ++           (no ring)
HPRegen 0.25/turn    (no ring)
MPRegen 0.10/turn

%: no passive effects
@: lethally poisoned (0 -> -5)
A: powered by death 1, spiny 1, demonic touch 1
a: no special abilities


You were on level 1 of the Abyss.
You visited 1 branch of the dungeon, and saw 3 of its levels.
You visited the Abyss 1 time.

You collected 136 gold pieces.

Inventory:

Hand Weapons
 b - a +2 arbalest of flaming (weapon)
 e - a +0 short sword
Armour
 a - a +0 robe (worn)
 k - a +0 leather armour
Scrolls
 d - a scroll of amnesia
 i - a scroll of identify {unknown}
 m - a scroll of teleportation {unknown}


   Skills:
 + Level 1.2 Fighting
 + Level 2.4 Dodging
 + Level 2.7 Stealth
 + Level 2.6 Spellcasting
 + Level 2.1 Conjurations
 + Level 3.2 Fire Magic


You had 5 spell levels left.
You knew the following spells:

 Your Spells              Type           Power      Damage    Failure   Level
a - Foxfire               Conj/Fire      48%        2x1d6     5%          1
b - Scorch                Fire           28%        2d6       7%          2

Your spell library contained the following spells:

 Spells                   Type           Power      Damage    Failure   Level
 Summon Small Mammal      Summ           8%         N/A       17%         1
 Cigotuvi's Dreadful Rot  Necr/Pois/Air  4%         N/A       26%         2
 Ensorcelled Hibernation  Hex/Ice        4%         N/A       26%         2
 Lesser Beckoning         Tloc           4%         N/A       26%         2
 Passwall                 Tmut/Erth      1%         N/A       26%         2
 Inner Flame              Hex/Fire       8%         N/A       26%         3
 Volatile Blastmotes      Fire/Tloc      16%        2d11      26%         3
 Ignite Poison            Fire/Tmut/Pois 6%         N/A       32%         3
 Call Canine Familiar     Summ           2%         N/A       45%         3
 Gell's Gravitas          Tloc           2%         N/A       45%         3
 Summon Guardian Golem    Hex/Summ       2%         N/A       45%         3
 Swiftness                Air            2%         N/A       45%         3
 Teleport Other           Tloc           2%         N/A       45%         3
 Flame Wave               Conj/Fire      12%        2d6       50%         4
 Sticky Flame             Conj/Fire      12%        2d4       50%         4
 Freezing Cloud           Conj/Ice/Air   2%         6-21      98%         5


Dungeon Overview and Level Annotations

Branches:
Dungeon (3/15)

Altars:
Xom


Innate Abilities, Weirdness & Mutations

You regenerate a little health from kills.
You are partially covered in sharp spines.
Your touch may inflict minor irresistible damage on your foes.


Message History

Confirm with . or Enter, or press ? or * to list all spells.
Okay, then.
Casting: Foxfire (safe; 5% risk of failure)
Confirm with . or Enter, or press ? or * to list all spells.
Okay, then.
As you read the scroll labelled ZAOMEO BODUSUWN, it crumbles to dust.
It is a scroll of amnesia.
Okay, then.
The orange demon is no longer more vulnerable to fire.
The orange demon stings you but does no damage.
This is a scroll of acquirement!
Something appears at your feet! The orange demon stings you from afar.
You are poisoned.
The orange demon poisons you!
It was a potion of brilliance.
You feel clever all of a sudden.
You feel very sick.
The orange demon stings you but does no damage.
It was a potion of cancellation.
Your magical effects are unravelling.
You feel magically purged.
You feel less wooden.
Your +0 robe unmelds from your body.
You feel a little less mighty now.
You feel a little less clever now.
* * * LOW HITPOINT WARNING * * *
You feel very sick. The orange demon misses you.
Your +2 arbalest of flaming bursts into flame!
b - a +2 arbalest of flaming (weapon)
* * * LOW HITPOINT WARNING * * *
You feel sick.
Fire: b) +2 arbalest (flame)
Press: ? - help, Q - select action, (/) - cycle Shift-Dir - straight line, f/p - orange demon
Aim: an orange demon (almost dead, 65% to hit)
You shoot a bolt.
The bolt barely misses the orange demon.
* * * LOW HITPOINT WARNING * * *
You feel very sick. The orange demon stings you from afar.
You die...

.# . # ##
.# # #.# #
#.#.# # .#.
...# #. .#
# ###.. # .
' # ####..#
. ... #
#.#.#.##
.#. .# ##
#.#.@# # .
# # #.#..#
# ...#..###
###..4# # .
..#.#.##.
#..#.# . ..
..#...##..#
.#.~#. +##.
..#
#...~#.....
..... . .'
. .#####.#
. . #.. . #
.#


You could see an orange demon.

Vanquished Creatures
  2 crimson imps (D:3)
  An adder (D:2)
  3 worms
  7 bats
  6 endoplasms
  7 giant cockroaches
  4 hobgoblins
  4 kobolds
  2 ball pythons (D:1)
  3 frilled lizards
  A goblin (D:1)
  3 rats
43 creatures vanquished.

Vanquished Creatures (others)
  121 foxfires
121 creatures vanquished.

Grand Total: 164 creatures vanquished

Notes
Turn   | Place    | Note
-------+----------+-------------------------------------------
     0 | D:1      | croobank the Demonspawn Fire Elementalist began the quest
                  | for the Orb.
     0 | D:1      | Reached XP level 1. HP: 13/13 MP: 3/3
   149 | D:1      | Gained mutation: You are partially covered in sharp spines.
                  | [demonic ancestry]
   149 | D:1      | Reached XP level 2. HP: 14/19 MP: 0/5
   473 | D:1      | Learned a level 2 spell: Scorch
  1118 | D:2      | Discovered your monstrous ancestry.
  1118 | D:2      | Gained mutation: Your touch may inflict minor irresistible
                  | damage on your foes. [demonic ancestry]
  1118 | D:2      | Reached XP level 3. HP: 24/24 MP: 4/6
  1418 | D:2      | Reached skill level 3 in Fire Magic
  2175 | D:3      | Found a shimmering altar of Xom.
  2182 | D:3      | Reached skill level 1 in Fighting
  2182 | D:3      | Gained mutation: You regenerate a little health from kills.
                  | [demonic ancestry]
  2182 | D:3      | Reached XP level 4. HP: 32/32 MP: 0/7
  2200 | Abyss:1  | Cast into level 1 of the Abyss (crimson imp)
  2334 | Abyss:1  | Noticed an orange demon
  2362 | Abyss:1  | Identified a scroll of acquirement
  2362 | Abyss:1  | Acquired a +2 arbalest of flaming
  2366 | Abyss:1  | Slain by an orange demon

Illustrated notes

Levels and vault maps discovered:
D:1:      mainiacjoe_arrival_reflecting_pool, layout_basic,
          amcnicky_mini_corridor_feature, minmay_cut_off
D:2:      layout_basic, kennysheep_potato
D:3:      layout_loops_ring, led_xom_imps, nicolae_vehumet_radiance,
          serial_shops, shop, shapermc_ecumenical_altar_venn,
          nicolae_houndstooth_variations, uniq_sigmund, uniq_ijyb
Abyss:1:  base: D:2, lemuel_firewalk_3, base:
D:2

Skill      XL: |  1  2  3  4 |
---------------+-------------+-----
Stealth        | 2 |  2.7
Dodging        | 2 |  2.4
Fire Magic     | 3 |  3.2
Fighting       | 1 |  1.2
Conjurations   | 2 |  2.1
Spellcasting   | |  2.6

Action                     |  1- 3 |  4- 6 || total
---------------------------+-------+-------++-------
  Melee: Short sword       |    14 |    13 ||    27
         Touch             |     3 |     1 ||     4
   Fire: Arbalest          |       |     1 ||     1
  Throw: Dart              |       |     4 ||     4
   Cast: Foxfire           |    65 |     5 ||    70
         Scorch            |     9 |     9 ||    18
    Use: Potion            |       |     8 ||     8
         Scroll            |       |     3 ||     3
   Stab: Sleeping          |     2 |       ||     2
 Armour: Robe              |    10 |    12 ||    22
         Skin              |       |    17 ||    17
  Dodge: Dodged            |    13 |    14 ||    27

Table legend: (Time is in decaauts)
 A = Elapsed time spent in this place.
 B = Non-inter-level travel time spent in this place.
 C = Inter-level travel time spent in this place.
 D = Time resting spent in this place.
 E = Time spent auto-exploring this place.
 F = Levels seen in this place.
 G = Mean time per level.
                   A        B        C        D        E       F      G
               +--------+--------+--------+--------+--------+-----+--------+
         Total |   2364 |   2275 |     89 |    502 |   1424 |   4 |  591.0 |
       Dungeon |   2199 |   2110 |     89 |    395 |   1398 |   3 |  733.0 |
         Abyss |    165 |    165 |      0 |    107 |     26 |   1 |  165.0 |
               +--------+--------+--------+--------+--------+-----+--------+

Top non-repeatable levels by time:
     D:1: 1063 daAuts
     D:2: 840 daAuts
     D:3: 294 daAuts
 Abyss:1: 165 daAuts
